 Dungeon Crawl Stone Soup version 0.31-a0-986-g5e6e4ef867 (webtiles) character file.

Game seed: 7437788678984639529

4 Skeral the Cudgeller (level 2, -3/26 HPs)
             Began as a Meteoran Cinder Acolyte on Nov 11, 2023.
             Was a High Priest of Ignis.
             Succumbed to a kobold's poison
             ... on level 1 of the Dungeon.
             The game lasted 00:00:36 (113 turns).

Skeral the Cudgeller (Meteoran Cinder Acolyte)       Turns: 113, Time: 00:00:36

Health: -3/26      AC:  2    Str: 15    XL:     2   Next: 0%
Magic:  3/5        EV: 11    Int: 15    God:    Ignis [*****.]
Gold:   12         SH:  0    Dex:  9    Spells: 4/4 levels left

rFire   + . .        a - -1 mace (flame)
rCold   . . .        (no shield)
rNeg    . . .        b - +0 robe
rPois   .            (no helmet)
rElec   .            (no cloak)
rCorr   .            (no gloves)
SInv    .            (no boots)
Will    .....        (no amulet)
Stlth   +            (no ring)
HPRegen 0.24/turn    (no ring)
MPRegen 0.09/turn

%: no passive effects
@: lethally poisoned (-3 -> -20), glowing, invisible (but backlit and visible)
A: sense surroundings 1, otherworldly, glowing, explore regen
a: Renounce Religion, Fiery Armour, Foxfire Swarm, Rising Flame


You were on level 1 of the Dungeon.
You worshipped Ignis.
Ignis was extremely pleased with you.
You visited 1 branch of the dungeon, and saw 1 of its levels.

You collected 12 gold pieces.


Innate Abilities, Weirdness & Mutations

You passively map a small area around you.
You are easily found by Zot.
You glow in the dark.
You regain HP and MP as you explore.


   Skills:
 + Level 3.3 Fighting
 + Level 4.1 Maces & Flails
 + Level 1.6 Spellcasting
 + Level 3.7 Fire Magic


You had 4 spell levels left.
You didn't know any spells.
Your spell library contained the following spells:

 Spells                   Type           Power      Damage    Failure   Level
 Scorch                   Fire           24%        2d6       8%          2

Inventory:

Hand Weapons
 a - a -1 mace of flaming (weapon)
Armour
 b - a +0 robe (worn)
Scrolls
 d - a scroll of teleportation {unknown}

Dungeon Overview and Level Annotations

Branches:
Dungeon (1/15) Zot: 483

Altars:

...#######.# *,
#........... ...#
#.########.# #..# #.#
#.# #..# #.# #.# #..#
#.########.# #..#
#..........# #..#
##########.######.!####
.............@.....# *
#######..#####K.##.#
#..# #..# #..# #..# *
#..# ...# * #..# .#..
#..# .*#.#, #..# #. *.#
* ,


You could see a kobold.


Message History

Options error: Missing colour in message_colour setting: 'but rights himself reflexively soon after' Options error: Missing colour in message_colour setting: 'before it is too late' ✅ Successfully initialized magus.rc [v1.10.3] Welcome, Skeral the Meteoran Cinder Acolyte.
They say the Orb of Zot lies within this dungeon, but they say a lot of things.
The flames of Ignis gently warm you.
Press ? for a list of commands and other information.
Found an emerald potion and 12 gold pieces.
Found a staircase leading out of the dungeon.
c - an emerald potion You now have 12 gold pieces.
You open the door.
There is an open door here.
d - a scroll labelled IRE RUSAMOR A hobgoblin comes into view.
You see here 5 stones.
The hobgoblin barely misses you.
You barely miss the hobgoblin. The hobgoblin barely misses you.
You completely miss the hobgoblin. The hobgoblin misses you.
You barely miss the hobgoblin. The hobgoblin closely misses you.
You sock the hobgoblin! You burn the hobgoblin.
You kill the hobgoblin!
You see here a hobgoblin corpse.
A frilled lizard comes into view.
The frilled lizard bites you. 😕 HP[-1]
You take 1 damage, and now have 18/19 hp.
You miss the frilled lizard.
The frilled lizard bites you. x2 😕 HP[-2]
You take 2 damage, and now have 16/19 hp.
You completely miss the frilled lizard. The frilled lizard closely misses you.
You barely miss the frilled lizard. The frilled lizard bites you. 😕 HP[-1]
You take 1 damage, and now have 15/19 hp.
You miss the frilled lizard.
The frilled lizard hisses.
The frilled lizard bites you but does no damage. 😕 HP[+1]
You miss the frilled lizard.
The frilled lizard bites you but does no damage.
You barely miss the frilled lizard. The frilled lizard closely misses you.
The frilled lizard bites you. 😮 HP[-2]
You take 2 damage, and now have 14/19 hp.
You miss the frilled lizard. The frilled lizard misses you.
You sock the frilled lizard! You burn the frilled lizard.
You kill the frilled lizard! 😕 HP[+1]
You see here a frilled lizard corpse. 😕 HP[+1] 😕 HP[+1] 😎 HP[+2]
Your hp is fully restored (19).
A hobgoblin, a kobold and an endoplasm come into view.
The kobold is wielding a +1 dagger of venom.
The hobgoblin shouts!
The kobold shouts!
The endoplasm quivers.
You hit the hobgoblin. You burn the hobgoblin.
You kill the hobgoblin!
The kobold closely misses you.
The kobold hits you with a +1 dagger of venom.
You are poisoned. 😕 HP[-2]
You take 2 damage, and now have 17/19 hp.
You hit the endoplasm. You burn the endoplasm.
You kill the endoplasm!
You feel sick. The kobold barely misses you.
You have reached level 2! 😕 HP[+4]
You now have 26 max hp (+7).
You regained 4 hp, and now have 21/26 hp.
You closely miss the kobold.
You feel sick. The kobold closely misses you.
The kobold hits you with a +1 dagger of venom.
You are more poisoned. 😮 HP[-4]
You take 4 damage, and now have 17/26 hp.
You barely miss the kobold.
You feel very sick.
The kobold hits you with a +1 dagger of venom.
* * * LOW HITPOINT WARNING * * *
You are lethally poisoned! 😨 HP[-5]
You take 5 damage, and now have 12/26 hp.
You barely miss the kobold.
* * * LOW HITPOINT WARNING * * *
You feel very sick. The kobold hits you but does no damage.
You are more poisoned. 😨 HP[-4]
You take 4 damage, and now have 8/26 hp.
You closely miss the kobold.
* * * LOW HITPOINT WARNING * * *
You feel extremely sick. The kobold barely misses you. 😱 HP[-7]
You take 7 damage, and now have 1/26 hp.
MASSIVE DAMAGE!! (PAUSE) It was a potion of invisibility.
You become transparent, but the glow from your body prevents you from becoming completely invisible.
You die...

Action                     || total
---------------------------++-------
  Melee: Mace              ||    18
    Use: Potion            ||     1
 Armour: Robe              ||    11
  Dodge: Dodged            ||    11

Levels and vault maps discovered:
D:1:      psy_arrival_fountain, layout_loops_ring,
          chequers_serial_rivers_large_b

Notes
Turn   | Place    | Note
-------+----------+-------------------------------------------
     0 | D:1      | Skeral the Meteoran Cinder Acolyte began the quest for the
                  | Orb.
     0 | D:1      | Reached XP level 1. HP: 19/19 MP: 3/3
     0 | D:1      | magus.rc [v1.10.3]
   109 | D:1      | Reached XP level 2. HP: 21/26 MP: 3/5
   112 | D:1      | HP: 1/26 [poisoned by a kobold]
   113 | D:1      | Succumbed to a kobold's poison

Vanquished Creatures
  An endoplasm (D:1)
  2 hobgoblins (D:1)
  A frilled lizard (D:1)
4 creatures vanquished.

Table legend:
 A = Non-vault XP
 B = Vault XP
 C = Vault XP percentage of total XP
 D = Non-vault monster count
 E = Vault monster count
 F = Vault count percentage of total count
                 A         B        C        D         E       F
            +---------+---------+-------+---------+---------+-------
      Total |       7 |       0 |   0.0 |       4 |       0 |   0.0
            +---------+---------+-------+---------+---------+-------
        D:1 |       7 |       0 |   0.0 |       4 |       0 |   0.0
            +---------+---------+-------+---------+---------+-------

Action                     || total
---------------------------++-------
  Melee: Mace              ||    18
    Use: Potion            ||     1
 Armour: Robe              ||    11
  Dodge: Dodged            ||    11

Illustrated notes

Table legend:
 A = Kills in this place as a percentage of kills in the entire game.
 B = Kills by you in this place as a percentage of kills by you in the entire game.
 C = Kills by friends in this place as a percentage of kills by friends in the entire game.
 D = Other kills in this place as a percentage of other kills in the entire game.
 E = Experience gained in this place as a percentage of experience gained in the entire game.
 F = Experience gained in this place divided by the number of levels of this place that you have seen.
                   A       B       C       D       E      F
               +-------+-------+-------+-------+-------+----------------------
         Total | 100.0 | 100.0 |   N/A |   N/A | 100.0 |   7.0
       Dungeon | 100.0 | 100.0 |   N/A |   N/A | 100.0 |   7.0
               +-------+-------+-------+-------+-------+----------------------

Table legend: (Time is in decaauts)
 A = Elapsed time spent in this place.
 B = Non-inter-level travel time spent in this place.
 C = Inter-level travel time spent in this place.
 D = Time resting spent in this place.
 E = Time spent auto-exploring this place.
 F = Levels seen in this place.
 G = Mean time per level.
                   A        B        C        D        E       F      G
               +--------+--------+--------+--------+--------+-----+--------+
         Total |    116 |    116 |      0 |      0 |      0 |   1 |  116.0 |
       Dungeon |    116 |    116 |      0 |      0 |      0 |   1 |  116.0 |
               +--------+--------+--------+--------+--------+-----+--------+

Top non-repeatable levels by time:
     D:1: 116 daAuts
